Map: Habitation Station LE (Void)

Players

Oesebius - Winner!

  • Race: Protoss Protoss
  • League: Diamond
  • Spawn Location: 11:00

Musumeci

  • Race: Zerg Zerg
  • League: Diamond
  • Spawn Location: 1:00

VOD

Have the link to the VOD?

Description

Time

  • Played on: Jan. 9, 2017, 9:10 a.m.
  • Length: 10:05
Show
View Real Time Build Order
Export as new Build Order

Oesebius Protoss - Winner!

Build Orders:  

Get SALT Encoding   

  12  0:01  Probe (Chrono Boost)  
  13  0:11  Probe (Chrono Boost)  
  14  0:22  Pylon, Probe (Chrono Boost)  
  15  0:40  Gateway, Probe (Chrono Boost)  
  16  0:51  Probe (Chrono Boost)  
  16  0:55  Forge  
  17  1:13  Assimilator  
  17  1:26  Zealot  
  17  1:28  Probe (Chrono Boost)  
  20  1:46  Pylon  
  20  1:50  Zealot  
  22  2:00  Pylon  
  22  2:12  Pylon  
  22  2:18  Photon Cannon  
  22  2:20  Photon Cannon  
  22  2:22  Photon Cannon  
  22  2:32  Photon Cannon  
  19  2:45  Zealot  
  19  2:47  Probe (Chrono Boost)  
  22  2:56  Nexus  
  20  3:11  Zealot  
  20  3:16  Photon Cannon  
  22  3:27  Pylon  
  22  3:34  Cybernetics Core  
  22  3:42  Pylon  
  22  3:43  Zealot  
  24  3:50  Assimilator  
  24  3:56  Assimilator  
  24  4:02  Photon Cannon  
  24  4:06  Zealot  
  24  4:10  Photon Cannon  
  24  4:13  Probe (Chrono Boost)  
  27  4:23  Probe (Chrono Boost)  
  28  4:28  Probe (Chrono Boost)  
  29  4:31  Adept  
  29  4:35  Probe (Chrono Boost)  
  33  4:38  Probe (Chrono Boost)  
  33  4:47  Probe (Chrono Boost)  
  33  4:49  Probe (Chrono Boost)  
  35  4:56  Warp Gate, Adept  
  35  4:59  Probe (Chrono Boost)  
  38  5:03  Probe (Chrono Boost)  
  38  5:05  Pylon  
  39  5:10  Assimilator  
  39  5:11  Probe (Chrono Boost)  
  39  5:13  Probe (Chrono Boost)  
  41  5:24  Probe x2 (Chrono Boost)  
  43  5:35  Stargate  
  43  5:39  Probe (Chrono Boost)  
  43  5:40  Photon Cannon  
  44  5:43  Assimilator  
  45  5:50  Probe (Chrono Boost)  
  45  5:57  Adept  
  45  6:01  Mothership Core (Chrono Boost)  
  37  6:18  Stargate  
  37  6:19  Probe (Chrono Boost)  
  37  6:24  Adept  
  40  6:29  Probe (Chrono Boost)  
  41  6:34  Gateway  
  41  6:35  Gateway  
  39  6:48  Probe (Chrono Boost)  
  40  6:59  Probe (Chrono Boost)  
  41  7:09  Probe (Chrono Boost)  
  41  7:12  Void Ray x2  
  49  7:25  Probe (Chrono Boost)  
  50  7:34  Probe (Chrono Boost)  
  52  7:37  Probe (Chrono Boost)  
  52  7:38  Adept x2  
  54  7:46  Probe (Chrono Boost)  
  54  7:49  Probe (Chrono Boost), Void Ray x2  
  62  8:08  Pylon  
  62  8:11  Pylon  
  62  8:19  Probe (Chrono Boost)  
  63  8:28  Void Ray x2, Probe (Chrono Boost)  
  63  8:31  Probe (Chrono Boost)  
  64  8:40  Probe (Chrono Boost)  
  73  8:47  Adept x2  
  77  8:52  Probe (Chrono Boost)  
  78  9:21  Probe (Chrono Boost)  
  55  9:32  Adept x3  
Show
View Real Time Build Order
Export as new Build Order

Musumeci Zerg 

Build Orders: Hatch First 

Get SALT Encoding   

  12  0:02  Drone  
  13  0:09  Drone  
  14  0:17  Overlord  
  14  0:25  Drone, Extractor  
  15  0:38  Drone  
  15  0:39  Drone  
  17  1:00  Hatchery  
  16  1:15  Spawning Pool  
  15  1:39  Extractor  
  14  1:43  Drone x3  
  17  2:04  Queen  
  19  2:11  Zergling x2  
  19  2:12  Zergling x2  
  21  2:31  Spine Crawler  
  16  3:11  Hatchery  
  15  3:13  Zergling x2  
  16  3:40  Zergling x2  
  17  3:45  Metabolic Boost  
  17  3:48  Drone x2  
  19  4:06  Drone x3  
  22  4:23  Drone x2  
  24  4:25  Drone  
  24  4:27  Queen  
  27  4:57  Baneling Nest  
  27  4:59  Overlord x2  
  26  5:09  Spore Crawler  
  26  5:11  Spore Crawler  
  24  5:18  Zergling x10  
  24  5:19  Zergling x2  
  27  5:38  Drone  
  27  5:39  Drone x3  
  30  5:50  Baneling  
  30  5:51  Baneling x7, Zergling x6  
  32  6:00  Overlord  
  32  6:01  Zergling x4  
  30  6:19  Zergling x2  
  30  6:20  Zergling x14  
  38  6:36  Zergling x2  
  38  6:37  Zergling x8  
  40  6:49  Zergling x8  
  44  6:59  Evolution Chamber  
  44  7:01  Evolution Chamber  
  39  7:14  Zergling x2  
  39  7:15  Zergling x8  
  39  7:17  Baneling x4  
  39  7:18  Baneling x2  
  39  7:26  Zerg Melee Weapons Level 1  
  39  7:28  Zergling x8  
  44  7:30  Overlord  
  44  7:32  Overlord  
  32  7:53  Baneling x6  
  32  7:54  Zergling x14  
  39  8:00  Drone x2  
  39  8:02  Drone  
  39  8:03  Drone  
  38  8:22  Zergling x2  
  38  8:23  Zergling x12  
  38  8:25  Baneling x3  
  45  8:31  Drone x3  
  45  8:32  Extractor  
  47  8:56  Drone  
  47  8:57  Drone x3  
  53  9:10  Spore Crawler  
  53  9:11  Spore Crawler x2  
  45  9:19  Hatchery  
  31  9:34  Spore Crawler  
  31  9:35  Spore Crawler  
  31  9:37  Spore Crawler  
  31  9:38  Spore Crawler x2  
Tags
 
Add a new tag
Caveats
  • Supply blocks, unpowered buildings, or Contaminate may cause inaccurate times.
  • Supply counts are checked every 10 seconds.